 Dungeon Crawl Stone Soup version 0.17-a0-957-ga3519be (webtiles) character file.

420 oplop the Ducker (level 6, -1/38 HPs)
             Began as an Octopode Transmuter on May 7, 2015.
             Slain by Crazy Yiuf
             ... wielding a +2 quarterstaff of chaos
              (3 damage)
             ... on level 3 of the Dungeon.
             The game lasted 00:08:32 (3922 turns).

oplop the Ducker (Octopode Transmuter)              Turns: 3922, Time: 00:08:32

Health: -1/38      AC:  1    Str:  9    XL:     6   Next: 94%
Magic:  2/12       EV: 13    Int: 18    God:
Gold:   257        SH:  0    Dex: 12    Spells: 3 memorised, 7 levels left

rFire  . . .     SeeInvis .     a - 26 arrows
rCold  . . .     Clarity  .     (no shield)
rNeg   . . .     SustAb   .     (helmet restricted)
rPois  .         Gourm    .     (no amulet)
rElec  .         Spirit   .     (no ring)
rCorr  .         Warding  .     (no ring)
rMut   .         Stasis   .     (no ring)
MR     .....                    (no ring)
Stlth  ++........               (no ring)
                                (no ring)
                                (no ring)
                                (no ring)

@: very slightly contaminated, not resistant to hostile enchantments, unstealthy
A: almost no armour, amphibious, 8 rings, constrict 8, camouflage 1, gelatinous
body 1
a: no special abilities


You were on level 3 of the Dungeon.
You were hungry.

You visited 1 branch of the dungeon, and saw 3 of its levels.
You also visited: Sewer.

You collected 257 gold pieces.

Inventory:

Missiles
 a - 26 arrows (in tentacle)
Jewellery
 t - an uncursed ring of wizardry {unknown}
Magical devices
 r - a wand of fireball (7)
Scrolls
 d - 4 scrolls of teleportation {unknown}
 g - 3 scrolls of identify {unknown}
 i - 2 scrolls of enchant weapon {unknown}
 j - a scroll of fear {unknown}
 k - a scroll of random uselessness {unknown}
 m - 3 scrolls of amnesia {unknown}
 o - 2 scrolls of magic mapping {unknown}
 p - a scroll of blinking {unknown}
Potions
 e - a potion of poison {unknown}
 f - a potion of flight {unknown}
 n - a potion of ambrosia {unknown}
 q - 2 potions of curing
Books
 b - a book of Changes

   Spells                             Type                      Level
   a - Beastly Appendage              Transmutation                1
   b - Sticks to Snakes               Transmutation                2
   c - Spider Form                    Transmutation/Poison         3
   d - Ice Form                       Ice/Transmutation            4
   e - Blade Hands                    Transmutation                5
Comestibles
 c - 6 bread rations
 h - 7 meat rations
 l - 3 fruits
 s - 3 chunks of flesh


   Skills:
 + Level 1.6 Fighting
 - Level 4.3 Dodging
 - Level 3.0 Unarmed Combat
 + Level 4.1 Spellcasting
 + Level 4.1 Transmutations


You had 7 spell levels left.
You knew the following spells:

 Your Spells              Type           Power        Failure   Level  Hunger
a - Beastly Appendage     Trmt           ###...       2%          1    None
b - Sticks to Snakes      Trmt           ###.......   4%          2    ##.....
c - Spider Form           Trmt/Pois      ##........   21%         3    ###....


Dungeon Overview and Level Annotations

Branches:
Dungeon (3/15)

Altars:
Okawaru
Trog

Annotations:
D:3 Crazy Yiuf, Sigmund


Innate Abilities, Weirdness & Mutations

You cannot wear most types of armour.
You are amphibious.
You can wear up to eight rings at the same time.
You can use your tentacles to constrict eight enemies at once.
Your skin changes colour to match your surroundings (Stealth).
Your rubbery body absorbs attacks (AC +1).


Message History

Your adder barely misses Crazy Yiuf.
Unknown command.
Unknown command.
Casting: Sticks to Snakes
Confirm with . or Enter, or press ? or * to list all spells.
You create a snake!
Unknown command.
Crazy Yiuf looks more healthy.
Crazy Yiuf closely misses you.
Unknown command.
You swap places.
Your adder bites something.
Something hits your adder! Something freezes your adder.
Your adder dies!
Unknown command.
Unknown command.
Casting: Sticks to Snakes
Confirm with . or Enter, or press ? or * to list all spells.
You create a snake!
Crazy Yiuf hits you with a quarterstaff of chaos!
* * * LOW HITPOINT WARNING * * *
You die...

... ##.. #S#
.########.
## #g##
..........
.# ##.#
##########
.########
#.## ......
........###
##S# ######
#######.#.#
##.## #..##
##g#.#
##.###
#..@S#
######..#.#
#....#
#..)......##
#....###
#.#####..#.#
#......###
###### #.#
#....##
##..†.##..
...... #.#
#.#.(.#
###..##.#
###### #.#
#...#.#
##.##.# #
#.# #####.#
#...#.## #
#.##### #.#
#......#
#######


You could see Crazy Yiuf (berserk) and a friendly ball python.

Vanquished Creatures
  A giant frog (Sewer)
  Jessica (D:3)
  Terence (D:3)
  7 adders
  4 gnolls (D:3)
  8 oozes
  A worm (D:2)
  6 giant geckos
  4 bats (D:2)
  2 hobgoblins (D:3)
  4 jackals
  11 ball pythons (Sewer)
  15 giant cockroaches
  11 giant newts
  8 goblins
  5 kobolds
  2 quokkas (D:2)
  12 rats
103 creatures vanquished.

Vanquished Creatures (collateral kills)
  A giant frog (Sewer)
  4 adders (D:2)
  An ooze (Sewer)
  2 worms
  4 giant geckos
  4 ball pythons
  A bat (D:3)
  A giant cockroach (Sewer)
  A jackal (D:2)
  3 giant newts (Sewer)
  A kobold (D:2)
  A rat (D:3)
24 creatures vanquished.

Grand Total: 127 creatures vanquished

Notes
Turn   | Place    | Note
--------------------------------------------------------------
     0 | D:1      | oplop, the Octopode Transmuter, began the quest for the Orb.
     0 | D:1      | Reached XP level 1. HP: 13/13 MP: 3/3
   191 | D:1      | Reached XP level 2. HP: 16/18 MP: 5/5
   473 | D:1      | Learned a level 2 spell: Sticks to Snakes
   718 | D:2      | Reached XP level 3. HP: 3/23 MP: 1/6
  1452 | D:2      | Reached XP level 4. HP: 20/28 MP: 4/8
  1611 | D:2      | Found an iron altar of Okawaru.
  1997 | D:3      | Learned a level 3 spell: Spider Form
  2003 | D:3      | Found a glowing drain.
  2010 | D:3      | Noticed Jessica
  2022 | D:3      | Killed Jessica
  2022 | D:3      | Reached XP level 5. HP: 17/33 MP: 2/9
  2176 | Sewer    | Entered a sewer
  2689 | Sewer    | Reached skill level 4 in Dodging
  2716 | Sewer    | Reached XP level 6. HP: 14/38 MP: 5/11
  3246 | D:3      | Found a bloodstained altar of Trog.
  3286 | D:3      | Noticed Sigmund
  3532 | D:3      | Noticed Terence
  3547 | D:3      | Killed Terence
  3908 | D:3      | Noticed Crazy Yiuf
  3922 | D:3      | Slain by Crazy Yiuf

Action                   |  1- 3 |  4- 6 || total
-------------------------+-------+-------++-------
Melee: Unarmed           |    52 |   198 ||   250
 Cast: Sticks to Snakes  |     8 |    22 ||    30
       Beastly Appendage |     3 |    19 ||    22
       Spider Form       |       |     3 ||     3
  Use: Potion            |     1 |       ||     1
 Stab: Sleeping          |     4 |     7 ||    11
       Distracted        |       |     1 ||     1
  Eat: Chunk             |     2 |     6 ||     8
       Beef jerky        |       |     2 ||     2
